 Dungeon Crawl Stone Soup version 0.23.2-1-ga50397a6bc (webtiles) character file.

Game seed: 17912097262611131866

165 Mrkan the Shield-Bearer (level 5, 0/45 HPs)
             Began as a Minotaur Fighter on May 25, 2019.
             Slain by a gnoll
             ... wielding a +0 halberd
              (10 damage)
             ... on level 3 of the Dungeon.
             The game lasted 00:02:24 (1213 turns).

Mrkan the Shield-Bearer (Minotaur Fighter)          Turns: 1213, Time: 00:02:25

Health: 0/45       AC:  6    Str: 21    XL:     5   Next: 22%
Magic:  4/4        EV:  7    Int:  5    God:
Gold:   117        SH: 10    Dex: 10    Spells: 4/4 levels left

rFire    . . .     SeeInvis .   a - +0 flail
rCold    . . .     Gourm    .   c - +0 shield
rNeg     . . .     Faith    .   b - +0 scale mail
rPois    .         Spirit   .   (helmet restricted)
rElec    .         Reflect  .   (no cloak)
rCorr    .         Harm     .   (no gloves)
MR       .....                  (no boots)
Stlth    ..........             (no amulet)
HPRegen  0.15/turn              (no ring)
MPRegen  0.09/turn              (no ring)

@: no status effects
A: retaliatory headbutt, horns 2
a: no special abilities


You were on level 3 of the Dungeon.
You were not hungry.

You visited 1 branch of the dungeon, and saw 3 of its levels.

You collected 117 gold pieces.

Inventory:

Hand Weapons
 a - a +0 flail (weapon)
Armour
 b - a +0 scale mail (worn)
 c - a +0 shield (worn)
Wands
 q - a wand of flame (4)
Scrolls
 e - a scroll of amnesia {unknown}
 g - 3 scrolls of teleportation {unknown}
 h - 3 scrolls of identify {unknown}
 i - a scroll of blinking {unknown}
 j - a scroll of enchant weapon {unknown}
 k - a scroll of immolation {unknown}
Potions
 d - 2 potions of might
 l - a potion of haste {unknown}
 m - a potion of heal wounds {unknown}
 n - a potion of degeneration {unknown}
 o - a potion of invisibility {unknown}
Comestibles
 f - 7 rations


   Skills:
 - Level 3.6 Fighting
 * Level 4.9 Maces & Flails
 - Level 3.6 Armour
 * Level 5.7 Shields


You had 4 spell levels left.
You didn't know any spells.
Your spell library was empty.

Dungeon Overview and Level Annotations

Branches:
Dungeon (3/15)

Altars:


Innate Abilities, Weirdness & Mutations

You reflexively headbutt those who attack you in melee.
You have a pair of horns on your head.


Message History

The gnoll is heavily wounded.
The gnoll hits you with a +0 spear. You block the gnoll's attack.
You closely miss the gnoll.
The gnoll is heavily wounded.
You block the gnoll's attack. The gnoll barely misses you.
You hit the gnoll.
The gnoll is severely wounded.
The gnoll hits you with a +0 spear.
The gnoll hits you from afar with a +0 halberd.
You hit the gnoll. Your headbutt misses the gnoll.
The gnoll is severely wounded.
You block the gnoll's attack.
The gnoll hits you from afar with a +0 halberd.
The gnoll hits you with a +0 spear.
Your scale mail prevents you from hitting the gnoll.
The gnoll is severely wounded.
The gnoll hits you with a +0 spear.
* * * LOW HITPOINT WARNING * * *
The gnoll hits you from afar with a +0 halberd!
You die...

#. #..# #..# . #..# #..#
#.#..# #..#
##.##.#..###..#
......).......#
#######..####.# #.g# #.#
######.g####.###.#######
.......@..............).
#######<###>..##########
#.# #............. #.#
#.#.#########. #.# #.#.#
#. #.###.#.# #.
#.......# #. #####.###
#. #†#### ##


You could see 2 gnolls.

Vanquished Creatures
  Natasha (thrice) (D:2)
  A gnoll (D:3)
  2 adders
  An ooze (D:3)
  A worm (D:2)
  4 dart slugs
  A ball python (D:3)
  3 giant cockroaches (D:1)
  5 goblins
  7 hobgoblins
  4 jackals (D:1)
  5 bats
  4 frilled lizards
  7 kobolds
  5 rats
53 creatures vanquished.

Notes
Turn   | Place    | Note
-------+----------+-------------------------------------------
     0 | D:1      | Mrkan the Minotaur Fighter began the quest for the Orb.
     0 | D:1      | Reached XP level 1. HP: 19/19 MP: 0/0
    68 | D:1      | Reached skill level 4 in Shields
    71 | D:1      | Reached XP level 2. HP: 14/26 MP: 1/1
   574 | D:2      | Reached XP level 3. HP: 29/31 MP: 2/2
   696 | D:2      | Noticed Natasha
   705 | D:2      | Killed Natasha
   705 | D:2      | Reached skill level 5 in Shields
   705 | D:2      | Reached XP level 4. HP: 36/39 MP: 3/3
   772 | D:2      | Noticed Natasha
   784 | D:2      | Killed Natasha
   862 | D:2      | Noticed Natasha
   868 | D:2      | Killed Natasha
   931 | D:3      | Reached XP level 5. HP: 43/45 MP: 4/4
  1213 | D:3      | Slain by a gnoll

Skill      XL: |  1  2  3 |
---------------+----------+-----
Shields        | 4 5 |  5.7
Maces & Flails | 3 4 |  4.9
Fighting       | |  3.6
Armour         | |  3.6

Action                   |  1- 3 |  4- 6 || total
-------------------------+-------+-------++-------
Melee: Flail             |    76 |    55 ||   131
       Headbutt          |    12 |     6 ||    18
  Eat: Chunk             |       |     1 ||     1
Armor: Scale mail        |    25 |    16 ||    41
Dodge: Dodged            |    15 |    21 ||    36
Block: Shield            |    41 |    29 ||    70
